Map: Orbital Shipyard

Players

SortOf - Winner!

  • Race: Zerg Zerg
  • League: Master

Neeblet (Neeb)

  • Race: Protoss Protoss
  • League: Grandmaster

Event: DreamHack ZOWIE Open Leipzig

VOD

Have the link to the VOD?

Description

Time

  • Played on: Jan. 22, 2016, 9:37 a.m.
  • Length: 17:08

All games in this series

Show
View Real Time Build Order
Export as new Build Order

SortOf Zerg - Winner!

Build Orders: Hatch First, Lurkers 

Get SALT Encoding   

  12  0:00  Drone  
  13  0:12  Overlord  
  13  0:17  Drone  
  14  0:30  Drone  
  14  0:31  Drone  
  14  0:35  Drone  
  17  0:45  Drone  
  18  0:56  Hatchery  
  17  1:00  Drone  
  18  1:10  Drone  
  19  1:19  Spawning Pool  
  19  1:21  Drone  
  19  1:29  Drone  
  20  1:42  Hatchery  
  20  1:45  Drone  
  20  1:49  Extractor  
  20  1:50  Drone  
  20  2:01  Drone  
  20  2:08  Queen  
  23  2:09  Zergling x2  
  23  2:12  Drone  
  25  2:18  Queen  
  25  2:22  Drone  
  28  2:37  Overlord  
  28  2:41  Overlord  
  28  2:50  Metabolic Boost  
  28  2:53  Queen  
  28  2:54  Drone  
  28  2:55  Drone x2  
  28  2:57  Drone  
  34  2:59  Drone  
  34  3:03  Drone  
  34  3:05  Zergling x2  
  37  3:06  Zergling x2  
  38  3:13  Zergling x2  
  38  3:14  Drone  
  38  3:17  Drone x2  
  42  3:20  Queen  
  42  3:24  Drone  
  42  3:25  Drone  
  46  3:28  Overlord  
  46  3:31  Drone  
  47  3:35  Drone x2  
  47  3:40  Drone  
  50  3:44  Overlord  
  50  3:47  Drone x4  
  54  3:52  Roach Warren  
  54  3:55  Drone x2  
  55  4:02  Spore Crawler  
  54  4:03  Drone x3  
  56  4:13  Overlord, Extractor  
  56  4:14  Drone x5  
  60  4:20  Lair  
  60  4:22  Overlord  
  60  4:23  Drone x3  
  63  4:24  Extractor  
  63  4:29  Drone x2  
  63  4:30  Evolution Chamber  
  63  4:35  Roach  
  63  4:36  Overlord, Roach x2  
  69  4:43  Drone x5  
  74  4:51  Roach x2  
  74  4:52  Roach  
  80  4:53  Overlord  
  80  4:54  Drone  
  80  4:55  Drone  
  80  4:58  Overlord  
  82  5:01  Extractor  
  81  5:08  Drone x3  
  81  5:09  Roach x2  
  81  5:12  Overlord  
  88  5:15  Zergling x2  
  88  5:16  Drone x2, Extractor  
  88  5:18  Overseer, Extractor  
  88  5:20  Roach  
  88  5:21  Hydralisk Den, Roach  
  92  5:25  Roach  
  92  5:27  Zergling x6  
  96  5:34  Overseer  
  98  5:35  Roach  
  98  5:41  Roach x2, Zergling x6  
  103  5:46  Roach, Zergling x4  
  101  5:54  Glial Reconstitution  
  99  5:59  Drone  
  99  6:00  Overlord  
  99  6:01  Drone, Overlord  
  97  6:04  Drone  
  97  6:05  Zerg Missile Weapons Level 1  
  98  6:14  Overlord x3  
  98  6:16  Spore Crawler  
  98  6:17  Spore Crawler, Drone  
  98  6:18  Drone x3  
  100  6:24  Drone  
  99  6:26  Drone x3  
  99  6:27  Drone  
  99  6:31  Hydralisk x2  
  105  6:36  Hatchery  
  105  6:37  Drone  
  105  6:38  Drone x3  
  104  6:42  Hydralisk x2  
  104  6:46  Spore Crawler  
  105  6:49  Drone x2  
  105  6:52  Muscular Augments  
  103  6:54  Hydralisk  
  103  6:55  Hydralisk  
  107  7:01  Hydralisk x2  
  111  7:09  Hydralisk x3  
  111  7:10  Hydralisk  
  119  7:16  Hydralisk x2  
  119  7:22  Queen  
  119  7:24  Overlord  
  118  7:31  Hydralisk  
  118  7:32  Hydralisk x2  
  118  7:33  Hydralisk  
  121  7:42  Hydralisk x3  
  125  7:48  Drone x9  
  134  7:52  Drone  
  134  7:58  Overlord x2  
  135  7:59  Overseer, Zerg Ground Armor Level 1  
  135  8:06  Overseer  
  135  8:09  Overlord  
  135  8:11  Overlord, Spore Crawler  
  134  8:15  Drone  
  134  8:16  Drone x3  
  134  8:17  Drone  
  134  8:18  Drone x2, Hydralisk x3  
  147  8:25  Roach x2  
  150  8:30  Drone, Nydus Network  
  150  8:34  Drone, Extractor  
  150  8:35  Roach, Extractor  
  150  8:36  Roach x4  
  150  8:38  Hydralisk  
  150  8:41  Roach  
  163  8:42  Hydralisk  
  163  8:47  Hydralisk  
  167  8:49  Overlord  
  167  8:50  Overseer  
  167  8:59  Overlord  
  167  9:02  Queen  
  167  9:03  Overlord x2  
  167  9:05  Overlord  
  167  9:06  Overlord  
  167  9:07  Nydus Canal  
  164  9:10  Overlord  
  164  9:11  Roach x3  
  167  9:21  Hydralisk x6  
  178  9:24  Roach  
  178  9:25  Lurker Den  
  180  9:31  Roach  
  180  9:32  Roach x2  
  180  9:35  Roach x2  
  180  9:36  Roach  
  188  9:39  Nydus Canal  
  188  9:41  Roach x3  
  192  9:49  Roach x3  
  194  9:57  Roach  
  194  9:58  Roach  
  198  10:02  Roach  
  198  10:05  Overlord, Roach  
  200  10:09  Nydus Canal  
  200  10:10  Hydralisk x2  
  200  10:11  Hydralisk  
  200  10:14  Zerg Ground Armor Level 2  
  200  10:24  Roach  
  190  10:28  Zergling x2  
  190  10:29  Roach x3, Zergling x6  
  190  10:32  Hydralisk x4  
  180  10:37  Hydralisk  
  180  10:39  Queen  
  180  10:40  Roach  
  180  10:41  Roach x2  
  146  10:43  Roach x3  
  144  10:51  Hydralisk x6  
  144  10:52  Zergling x4  
  144  10:56  Overseer  
  156  11:04  Roach x4  
  156  11:09  Drone  
  156  11:10  Drone x2  
  164  11:12  Spine Crawler, Infestation Pit  
  164  11:15  Spine Crawler  
  164  11:16  Spine Crawler  
  164  11:18  Spine Crawler  
  159  11:21  Roach x6  
  171  11:29  Drone  
  171  11:30  Drone x2  
  171  11:31  Spine Crawler  
  173  11:34  Spine Crawler  
  173  11:35  Ravager x3  
  173  11:38  Lurker x3  
  178  11:43  Drone  
  178  11:45  Zergling x2  
  178  11:46  Zergling x2  
  178  11:47  Roach x2  
  185  12:00  Lurker x2  
  185  12:01  Lurker x2  
  188  12:13  Zergling x20  
  188  12:14  Roach x2, Zergling x10  
  177  12:23  Lurker x4  
  177  12:25  Hydralisk x2  
  184  12:30  Zergling x4  
  184  12:33  Zergling x8  
  180  12:38  Hatchery  
  180  12:39  Zerg Melee Weapons Level 1  
  180  12:40  Infestation Pit  
  180  12:44  Hive  
  174  12:57  Spire  
  173  13:04  Swarm Host, Hydralisk x3  
  177  13:16  Hydralisk x2  
  177  13:17  Hydralisk  
  183  13:34  Evolution Chamber  
  182  13:35  Drone x4, Extractor  
  182  13:38  Extractor  
  183  13:41  Hydralisk  
  183  13:42  Hydralisk x7  
  199  13:49  Zergling x2  
  196  13:57  Viper  
  196  13:59  Adrenal Glands  
  196  14:02  Nydus Canal  
  196  14:11  Overseer  
  196  14:13  Spine Crawler  
  186  14:32  Hydralisk x6  
  186  14:46  Greater Spire  
  183  14:56  Corruptor x2  
  183  14:57  Corruptor x4  
  183  14:59  Drone x4  
  195  15:05  Roach x2  
  197  15:07  Lurker  
  197  15:08  Overlord x2  
  187  15:19  Drone  
  187  15:20  Drone x3  
  183  15:24  Corruptor x2  
  185  15:28  Zergling x2  
  185  15:29  Zergling x8  
  185  15:32  Ravager x2  
  189  15:44  Drone x2  
  189  15:45  Spore Crawler, Spine Crawler  
  184  15:59  Brood Lord  
  184  16:00  Brood Lord x3  
  190  16:12  Nydus Canal  
  190  16:18  Brood Lord x3  
  184  16:29  Hydralisk x4  
  169  16:38  Brood Lord  
  171  16:44  Roach  
  171  16:45  Roach x4  
Show
View Real Time Build Order
Export as new Build Order

Neeblet Protoss 

Build Orders: Nexus First 

Get SALT Encoding   

  12  0:00  Probe (Chrono Boost)  
  13  0:11  Probe (Chrono Boost)  
  14  0:19  Pylon  
  14  0:22  Probe (Chrono Boost)  
  15  0:37  Probe (Chrono Boost)  
  16  0:48  Probe (Chrono Boost)  
  17  0:58  Probe (Chrono Boost)  
  17  0:59  Nexus  
  18  1:09  Probe (Chrono Boost)  
  19  1:13  Gateway  
  19  1:19  Probe (Chrono Boost)  
  19  1:22  Assimilator  
  20  1:27  Assimilator  
  20  1:30  Probe (Chrono Boost)  
  21  1:38  Pylon  
  21  1:41  Probe (Chrono Boost)  
  22  1:47  Gateway  
  22  1:54  Probe (Chrono Boost)  
  23  2:04  Cybernetics Core  
  23  2:05  Probe (Chrono Boost)  
  24  2:13  Probe (Chrono Boost)  
  26  2:15  Probe (Chrono Boost)  
  26  2:23  Probe (Chrono Boost)  
  26  2:26  Probe (Chrono Boost)  
  28  2:34  Probe (Chrono Boost)  
  28  2:36  Probe (Chrono Boost)  
  30  2:41  Stalker x2 (Chrono Boost)  
  34  2:45  Probe  
  34  2:46  Warp Gate  
  34  2:47  Probe  
  36  2:55  Pylon  
  36  2:57  Probe (Chrono Boost)  
  37  2:59  Probe (Chrono Boost)  
  38  3:08  Sentry x2  
  38  3:09  Probe (Chrono Boost)  
  38  3:11  Probe (Chrono Boost)  
  44  3:15  Gateway  
  44  3:19  Probe (Chrono Boost)  
  45  3:21  Probe (Chrono Boost)  
  46  3:30  Probe (Chrono Boost)  
  46  3:32  Mothership Core (Chrono Boost)  
  49  3:36  Nexus  
  49  3:40  Probe (Chrono Boost)  
  50  3:42  Pylon  
  50  3:45  Pylon  
  50  3:51  Probe (Chrono Boost), Assimilator  
  50  3:52  Probe (Chrono Boost), Assimilator  
  52  3:58  Adept  
  52  4:00  Adept  
  52  4:01  Probe (Chrono Boost)  
  57  4:05  Probe (Chrono Boost), Adept  
  57  4:09  Pylon  
  60  4:12  Probe (Chrono Boost)  
  60  4:16  Probe (Chrono Boost)  
  62  4:22  Probe (Chrono Boost)  
  63  4:26  Stargate  
  63  4:27  Probe (Chrono Boost), Stargate  
  64  4:33  Probe (Chrono Boost)  
  64  4:37  Probe (Chrono Boost)  
  66  4:43  Probe (Chrono Boost)  
  67  4:48  Probe x2 (Chrono Boost)  
  67  4:51  Adept  
  67  4:52  Adept x2  
  75  4:54  Probe (Chrono Boost)  
  75  4:58  Probe (Chrono Boost)  
  75  4:59  Probe (Chrono Boost)  
  78  5:04  Probe (Chrono Boost)  
  79  5:07  Pylon  
  79  5:08  Probe (Chrono Boost)  
  79  5:09  Probe (Chrono Boost)  
  79  5:12  Adept x3  
  87  5:15  Probe (Chrono Boost)  
  87  5:16  Phoenix x2 (Chrono Boost)  
  87  5:17  Probe  
  93  5:25  Probe, Pylon  
  93  5:26  Probe  
  93  5:28  Probe  
  95  5:31  Pylon  
  96  5:37  Probe  
  96  5:39  Phoenix x2 (Chrono Boost)  
  101  5:43  Probe  
  101  5:45  Probe  
  95  5:51  Probe  
  95  5:56  Robotics Facility, Assimilator  
  92  5:58  Assimilator  
  92  6:00  Phoenix x2 (Chrono Boost)  
  92  6:10  Gateway  
  90  6:11  Gateway  
  90  6:12  Pylon  
  90  6:15  Gateway  
  90  6:16  Pylon x2  
  90  6:17  Pylon  
  90  6:19  Pylon  
  90  6:20  Pylon  
  90  6:22  Phoenix (Chrono Boost)  
  90  6:23  Adept x3  
  98  6:26  Phoenix (Chrono Boost)  
  100  6:44  Phoenix (Chrono Boost)  
  100  6:46  Twilight Council  
  102  6:48  Forge  
  102  6:50  Phoenix (Chrono Boost)  
  102  6:51  Observer  
  105  6:56  Zealot x3  
  105  7:01  Probe  
  111  7:02  Probe  
  111  7:05  Phoenix (Chrono Boost)  
  115  7:09  Pylon x2  
  115  7:12  Immortal  
  119  7:30  Protoss Ground Weapons Level 1 (Chrono Boost)  
  119  7:39  Charge (Chrono Boost)  
  117  7:46  Templar Archives  
  117  7:48  Immortal (Chrono Boost)  
  117  7:54  Gateway  
  117  7:55  Gateway, Robotics Facility  
  121  8:03  Stalker x5  
  121  8:04  Stalker, Nexus  
  133  8:07  Pylon  
  133  8:13  Probe x2  
  133  8:15  Probe  
  136  8:22  Immortal  
  136  8:26  High Templar x2  
  134  8:27  Zealot x4  
  134  8:31  Archon  
  145  8:45  Dark Shrine  
  145  8:46  Assimilator  
  145  8:47  Immortal, Pylon  
  146  8:52  Oracle, Assimilator  
  146  8:55  Pylon, Photon Cannon  
  149  8:56  Immortal  
  149  8:59  Zealot x6  
  164  9:11  Protoss Ground Weapons Level 2  
  164  9:14  Stalker x2  
  162  9:26  Immortal  
  162  9:30  Immortal  
  162  9:31  Zealot x6  
  176  9:43  Pylon  
  176  9:45  Probe x2, Pylon  
  178  9:46  Stalker  
  178  9:50  Zealot  
  178  9:51  Zealot  
  178  9:52  Probe  
  178  9:53  Probe  
  178  9:57  Probe  
  178  9:59  Stalker x2  
  185  10:05  Immortal  
  183  10:13  Zealot x2  
  183  10:14  Zealot x3  
  187  10:16  Probe  
  187  10:17  Probe  
  187  10:18  Probe  
  189  10:27  Probe  
  178  10:29  Probe  
  178  10:30  Probe  
  178  10:35  Zealot x4  
  149  10:36  Zealot  
  135  10:53  Probe x2  
  135  10:54  Immortal  
  130  11:06  Pylon  
  130  11:07  Nexus  
  130  11:11  Templar Archives  
  130  11:14  Sentry x3  
  130  11:16  Dark Templar x2  
  130  11:17  Dark Templar  
  130  11:18  Dark Templar  
  136  11:23  Archon x2  
  135  11:29  Immortal  
  135  11:35  Probe  
  135  11:36  Probe  
  135  11:38  Nexus  
  137  11:40  Protoss Ground Weapons Level 3  
  137  11:43  Nexus  
  136  11:56  Stalker x2  
  136  11:57  Stalker x4  
  129  12:28  Stalker x2  
  129  12:29  Blink (Chrono Boost)  
  127  12:47  High Templar  
  127  12:48  Zealot, High Templar  
  133  12:53  Archon  
  133  13:03  Nexus  
  131  13:09  Zealot, High Templar x2  
  131  13:10  Zealot x3  
  143  13:13  Archon  
  143  13:19  Assimilator  
  143  13:31  Zealot x4, High Templar x2  
  155  13:35  Archon  
  155  13:40  Pylon  
  157  13:41  Mothership Core  
  157  13:42  Pylon  
  157  14:03  Dark Templar x2  
  161  14:10  Dark Templar  
  161  14:11  Zealot x4  
  161  14:12  Zealot  
  173  14:18  Archon  
  173  14:23  Assimilator  
  172  14:29  Photon Cannon  
  172  14:33  Probe  
  172  14:34  Probe  
  174  14:39  Assimilator  
  174  14:50  Zealot x4  
  174  14:51  Zealot  
  172  14:57  Dark Templar  
  159  15:00  Dark Templar  
  133  15:35  High Templar x3  
  131  15:36  Zealot x3, High Templar  
  131  15:42  Archon  
  143  15:43  Archon  
  143  15:59  Zealot x2  
  143  16:00  Zealot  
  98  16:36  Nexus  
  98  16:55  Sentry x2  

Tags
 
Add a new tag
Caveats
  • Supply blocks, unpowered buildings, or Contaminate may cause inaccurate times.
  • Supply counts are checked every 10 seconds.